 Dungeon Crawl Stone Soup version 0.30-a0-364-gf6b3ef1049 (webtiles) character file.

Game seed: 5560879219004333984

17 purpskrrrp the Prestidigitator (level 2, 0/20 HPs)
             Began as a Gnoll Wanderer on Nov 14, 2022.
             Slain by a quokka (5 damage)
             ... on level 1 of the Dungeon.
             The game lasted 00:01:59 (402 turns).

purpskrrrp the Prestidigitator (Gnoll Wanderer)      Turns: 402, Time: 00:02:00

Health: 0/20       AC:  2    Str: 10    XL:     2   Next: 62%
Magic:  10/10      EV: 11    Int: 13    God:
Gold:   10         SH:  0    Dex: 10    Spells: 15/15 levels left

rFire   . . .      SeeInvis .    a - +0 long sword
rCold   . . .      Faith    .    (no shield)
rNeg    . . .      Spirit   .    d - +0 robe
rPois   .          Reflect  .    (no helmet)
rElec   .          Harm     .    (no cloak)
rCorr   .          Rampage  .    (no gloves)
Will    .....                    (no boots)
Stlth   +.........               (no amulet)
HPRegen 0.23/turn                (no ring)
MPRegen 0.12/turn                (no ring)

@: no status effects
A: fangs 1, strong nose, distributed training
a: no special abilities


You were on level 1 of the Dungeon.
You visited 1 branch of the dungeon, and saw 1 of its levels.

You collected 10 gold pieces.

Inventory:

Hand Weapons
 a - a +0 long sword (weapon)
Armour
 d - a +0 robe (worn)
Potions
 f - 2 potions of mutation {unknown}
 h - 2 potions of heal wounds {unknown}
 i - a potion of flight {unknown}
Miscellaneous
 b - a piece from Xom's chessboard (13/15)


   Skills:
 + Level 0.5 Fighting
 + Level 0.5 Short Blades
 + Level 6.5 Long Blades
 + Level 0.5 Axes
 + Level 0.5 Maces & Flails
 + Level 0.5 Polearms
 + Level 0.5 Staves
 + Level 0.5 Ranged Weapons
 + Level 0.5 Throwing
 + Level 0.5 Armour
 + Level 0.5 Dodging
 + Level 0.5 Stealth
 + Level 0.5 Shields
 + Level 0.5 Unarmed Combat
 + Level 7.1 Spellcasting
 + Level 0.3 Conjurations
 + Level 0.3 Hexes
 + Level 0.3 Summonings
 + Level 0.3 Necromancy
 + Level 0.3 Translocations
 + Level 0.3 Transmutations
 + Level 0.3 Fire Magic
 + Level 0.3 Ice Magic
 + Level 0.3 Air Magic
 + Level 0.3 Earth Magic
 + Level 0.3 Poison Magic
 + Level 0.6 Invocations
 + Level 8.5 Evocations


You had 15 spell levels left.
You didn't know any spells.
Your spell library contained the following spells:

 Spells                   Type           Power      Damage    Failure   Level
 Cigotuvi's Dreadful Rot  Necr/Pois/Air  10%        N/A       21%         2
 Poisonous Vapours        Pois/Air       10%        N/A       21%         2


Dungeon Overview and Level Annotations

Branches:
Dungeon (1/15)

Altars:


Innate Abilities, Weirdness & Mutations

You have very sharp teeth.
Your uncanny sense of smell can sniff out nearby items.
Your experience applies equally to all skills.


Message History

You kill the ball python!
The quokka misses you.
The kobold hits you with a +0 short sword.
You hit the kobold.
You kill the kobold!
The quokka bites you. The quokka misses you. The ball python barely misses you.
The ball python grabs you. The ball python constricts you.
You are too injured to fight recklessly!
You are too injured to fight recklessly!
You are too injured to fight recklessly!
You are too injured to fight recklessly!
You are too injured to fight recklessly!
You are too injured to fight recklessly!
You are too injured to fight recklessly!
You are too injured to fight recklessly!
You are too injured to fight recklessly!
You are too injured to fight recklessly!
You are too injured to fight recklessly!
You are too injured to fight recklessly!
You are too injured to fight recklessly!
You are too injured to fight recklessly!
You are too injured to fight recklessly!
You are too injured to fight recklessly!
You are too injured to fight recklessly!
You are too injured to fight recklessly!
You are too injured to fight recklessly!
You are too injured to fight recklessly!
You escape the ball python's grasp.
The quokka attacks as you move away! The quokka bites you.
The frilled lizard misses you. The quokka attacks as you move away!
The quokka bites you but does no damage.
The endoplasm jiggles.
The ball python bites you. The ball python closely misses you.
The ball python attacks as you move away!
The ball python bites you.
* * * LOW HITPOINT WARNING * * *
The quokka barely misses you.
Okay, then.
The quokka attacks as you move away! The quokka bites you.
You die...

#.......#....♣♣♣♣♣.♣♣♣♣♣..#.#
########........⌠.<.⌠..... #
#######..#..)♣♣♣♣♣.♣♣♣♣♣..
#.......##...# ♣⌠♣
###########..##♣♣♣.♣♣
#.......... ###........
#.#.#.... ##@#...............
#Sr# .............. #.J#
............. #ll#
...?.........
##.w#...............
#..)..............K.
#†#..#..........†.lb #.#..#
.........lg#K .......
........wJ..


You could see a dart slug, an endoplasm, a quokka, a ball python and 2 frilled
lizards.

Vanquished Creatures
  A dart slug (D:1)
  An endoplasm (D:1)
  A giant cockroach (D:1)
  4 hobgoblins (D:1)
  2 kobolds (D:1)
  A ball python (D:1)
  A bat (D:1)
  A frilled lizard (D:1)
  A goblin (D:1)
  A rat (D:1)
14 creatures vanquished.

Notes
Turn   | Place    | Note
-------+----------+-------------------------------------------
     0 | D:1      | purpskrrrp the Gnoll Wanderer began the quest for the Orb.
     0 | D:1      | purpskrrrp set off with the following items: a +0 long
                  | sword, a piece from Xom's chessboard (15/15), a scroll of
                  | teleportation, a +0 robe; and the following spells
                  | available to memorise: Cigotuvi's Dreadful Rot, Poisonous
                  | Vapours.
     0 | D:1      | Reached XP level 1. HP: 13/13 MP: 8/8
    80 | D:1      | Reached XP level 2. HP: 14/19 MP: 10/10
   402 | D:1      | Slain by a quokka

Illustrated notes

Levels and vault maps discovered:
D:1:      scummos_arrival_forest, layout_rooms

Action                   || total
-------------------------++-------
Melee: Long sword        ||    31
       Bite              ||     1
Evoke: Piece from Xom's  ||     2
  Use: Scroll            ||     3
       Potion            ||     2
Armor: Robe              ||     9
Dodge: Dodged            ||    37

Table legend: (Time is in decaauts)
 A = Elapsed time spent in this place.
 B = Non-inter-level travel time spent in this place.
 C = Inter-level travel time spent in this place.
 D = Time resting spent in this place.
 E = Time spent auto-exploring this place.
 F = Levels seen in this place.
 G = Mean time per level.
                   A        B        C        D        E       F      G
               +--------+--------+--------+--------+--------+-----+--------+
         Total |    404 |    374 |     30 |    185 |     94 |   1 |  404.0 |
       Dungeon |    404 |    374 |     30 |    185 |     94 |   1 |  404.0 |
               +--------+--------+--------+--------+--------+-----+--------+

Top non-repeatable levels by time:
     D:1: 404 daAuts
